Cogmind - Beta 15 @@@ ROGUE MODE // 2025.10.18 @ 22:30:50 Player: mewcatx Result: Destroyed by UB-GX9(h) with Hypervelocity Gauss Rifle Performance ------------- Evolutions (1) 500 Regions Visited (6) 1200 Robots Destroyed (91) 455 Value Destroyed (2421) 2421 Prototype IDs (13) 260 Alien Tech Used (0) 0 Bonus (1048) 1048 TOTAL SCORE: 5884 Bonus ------- High Alert Combat Kills 2 Follower Combat Kills 246 Registered with UFD 300 Met Optimus in HQ 500 Cogmind --------- Core Integrity 0/400 Matter 250/300 Energy 32/100 System Corruption 0% Temperature Warm (118) Movement Treading (240) Ox1 Location -9/Scraptown Parts ------- > --- POWER (1) -------- (None) > --- PROPULSION (2) --- Improved Treads > --- UTILITY (4) ------ Scrap Suit Large Storage Unit Advanced Melee Analysis Suite > --- WEAPON (2) ------- Katana Thermal Lance > --- INVENTORY (15) --- Light Angular Momentum Engine Light Treads Improved Aluminum Leg Matter Compressor (186) Sensor Array Hacking Suite Authchip [Propulsion] Assault Cannon Mini Grenade Launcher CPS Tube (2) Vortex Trap DRS Beacon (Ready) Peak State ------------ > --- POWER ------------ Improved Ion Engine > --- PROPULSION ------- Improved Treads Improved Treads > --- UTILITY ---------- Large Storage Unit Signal Interpreter Light Armor Plating Reflective Plating > --- WEAPON ----------- Katana Thermal Lance > --- INVENTORY -------- Light Angular Momentum Engine Light Treads Improved Aluminum Leg Scrap Suit Matter Compressor Sensor Array Advanced Melee Analysis Suite Hacking Suite Authchip [Propulsion] Assault Cannon Mini Grenade Launcher CPS Tube Vortex Trap DRS Beacon [Rating: 29] Favorites ----------- Power Improved Ion Engine Engine Improved Ion Engine Propulsion Light Treads Treads Light Treads Utility Signal Interpreter Device Sensor Array Storage Large Storage Unit Processor Signal Interpreter Protection Medium Armor Plating Weapon Spread Laser Energy Gun Spread Laser Energy Cannon Beam Cannon Ballistic Gun Shotgun Ballistic Cannon Assault Cannon Launcher EMP Blaster Impact Weapon Hammer Slashing Weapon Katana Piercing Weapon Thermal Lance Build | -11 -10 -10 -9 -9 -9 -9 ------- Run | Yrd Mat Min Mat Sto Rec Scr Slots Evolved 2 | . . . 2 . . . Power . | . . . . . . . Propulsion . | . . . . . . . Utility 2 | . . . 2 . . . Weapon . | . . . . . . . Parts Attached 58 | 7 7 . 22 17 . 5 Power 6 | 1 1 . 2 2 . . Engine 6 | 1 1 . 2 2 . . Core . | . . . . . . . Reactor . | . . . . . . . Propulsion 10 | 2 . . 3 5 . . Treads 10 | 2 . . 3 5 . . Leg . | . . . . . . . Wheel . | . . . . . . . Hover . | . . . . . . . Flight . | . . . . . . . Utility 22 | 2 2 . 10 5 . 3 Device 5 | 1 . . 2 1 . 1 Storage 4 | 1 1 . 2 . . . Processor 2 | . . . 1 . . 1 Hackware . | . . . . . . . Protection 11 | . 1 . 5 4 . 1 Artifact . | . . . . . . . Weapon 20 | 2 4 . 7 5 . 2 Energy Gun 5 | . 1 . 2 2 . . Energy Cannon 1 | . 1 . . . . . Ballistic Gun 7 | 2 1 . 3 1 . . Ballistic Cannon 2 | . . . 2 . . . Launcher 1 | . . . . . . 1 Special Weapon . | . . . . . . . Impact Weapon 2 | . 1 . . 1 . . Slashing Weapon 1 | . . . . 1 . . Piercing Weapon 1 | . . . . . . 1 Special Melee Weapon . | . . . . . . . Unidentified Prototypes 2 | . . . 2 . . . Parts Lost 7 | . 1 . 1 3 . 2 Power 1 | . . . . 1 . . Propulsion 2 | . . . . 2 . . Utility 3 | . . . 1 . . 2 Weapon 1 | . 1 . . . . . Highest Loss Streak 2 | . 1 . 1 1 . 2 To Critical Strikes . | . . . . . . . Average Backups 12 | 2 8 10 11 14 15 14 Power 1 | . 1 1 1 1 2 1 Propulsion 2 | . . . 1 3 3 2 Utility 5 | . 5 6 5 5 6 6 Weapon 3 | . 2 3 3 4 4 2 Tool/Special . | . . . . . . . Unused Backups 36 | . 8 . 6 8 1 13 Power 4 | . 1 . 1 . . 2 Propulsion 7 | . 1 . . 3 1 2 Utility 12 | . 4 . 1 3 . 4 Weapon 12 | . 2 . 4 2 . 4 Tool/Special 1 | . . . . . . 1 Average Slot Usage (%) 99 | . 99 100 99 99 100 99 Engine 11 | . 14 14 11 10 11 10 Treads 23 | . 27 28 22 21 22 22 Device 8 | . 13 14 3 4 10 10 Storage 11 | . 14 14 11 11 11 11 Processor 8 | . . . 10 11 11 11 Protection 12 | . . . 18 17 11 11 Energy Gun 9 | . 5 7 7 11 11 10 Energy Cannon 1 | . 9 6 1 . . . Ballistic Gun 4 | . 10 . 5 7 . . Ballistic Cannon 1 | . . . 7 . . . Impact Weapon 1 | . 3 14 . 1 . . Slashing Weapon 4 | . . . . 1 11 11 Peak Build Rating 29 | 7 8 8 20 22 18 29 Average Rating 15 | 5 7 7 16 17 18 18 On Entrance 11 | . 7 8 8 20 18 18 Naked Turns . | . . . . . . . Heaviest Build 46 | 15 21 21 43 46 40 40 Greatest Support 46 | 40 40 40 40 43 43 46 Greatest Overweight (x) 1 | . 1 . 1 1 . . Average Overweight (x) . | . . . . . . . Largest Inventory Capacity 20 | 8 10 10 20 15 15 15 Average Capacity 13 | 6 9 10 12 15 15 15 Most Carried 15 | 5 10 10 15 15 15 15 Average Carried 12 | 2 8 9 11 14 15 14 Final Capacity 15 | 8 10 10 15 15 15 15 Final Carried 15 | 5 10 10 15 15 15 12 Class Distribution -------------------- 88% | Mutant 7% | Scavenger-Mutant 3% | Commander-Mutant Dominant Class ---------------- Mutant | -10/Materials Scavenger-Mutant | -10/Mines Mutant | -9/Materials Mutant | -9/Storage Mutant | -9/Recycling Mutant | -9/Scraptown Resources | -11 -10 -10 -9 -9 -9 -9 ----------- Run | Yrd Mat Min Mat Sto Rec Scr Matter Collected 2381 | 265 365 10 805 685 20 231 Remotely . | . . . . . . . Salvage Created 3066 | 77 476 10 1269 1090 . 144 Parts 178 | 5 21 1 74 72 . 5 Haulers Intercepted 5 | . 1 . 4 . . . Recyclers Shooed 1 | 1 . . . . . . Parts Field Recycled . | . . . . . . . Retrieved Matter . | . . . . . . . Parts Self-Destructed . | . . . . . . . Prevented . | . . . . . . . Kills | -11 -10 -10 -9 -9 -9 -9 ------- Run | Yrd Mat Min Mat Sto Rec Scr Combat Hostiles Destroyed 67 | . 9 1 27 28 . 2 Melee 4 | . . 1 . 1 . 2 Guns 48 | . 4 . 18 26 . . Cannons 15 | . 5 . 9 1 . . Classes Destroyed 13 | 2 5 . 3 2 . 1 Worker 1 | . . . 1 . . . Builder 5 | . 1 . 3 1 . . Tunneler 1 | 1 . . . . . . Hauler 5 | . 1 . 4 . . . Recycler 4 | 1 1 . 1 1 . . Operator 6 | . 1 . 2 3 . . Watcher 2 | . . . 2 . . . Swarmer 14 | . 3 1 7 3 . . Grunt 35 | . 6 . 14 15 . . Duelist 1 | . . . . 1 . . Protector 1 | . . . . 1 . . Sentry 14 | . . . 6 8 . . Bolteater 2 | . . . . . . 2 Best Kill Streak 9 | 1 5 1 7 9 . 2 Combat Bots Only 8 | . 4 1 6 8 . 2 Max Kills in Single Turn 2 | 1 1 1 2 2 . 2 Gunslinging . | . . . . . . . Exploded . | . . . . . . . Melee 2 | . . 1 . 1 . 2 Uniques/NPCs Destroyed . | . . . . . . . Combat | -11 -10 -10 -9 -9 -9 -9 -------- Run | Yrd Mat Min Mat Sto Rec Scr Hostile Shots Fired 348 | . 73 2 119 94 . 60 Missed 74 | . 21 1 20 22 . 10 Hits 274 | . 52 1 99 72 . 50 Melee 20 | . . . . 1 . 19 Projectile 254 | . 52 1 99 71 . 31 Critical Strikes 9 | . . . 3 2 . 4 Damage Taken 3323 | . 612 7 1053 1054 . 597 Core 467 | . 65 . 132 111 . 159 Absorbed by Shields . | . . . . . . . Redirected to Shielding 17 | . . . . 17 . . Ignored by Resistances 86 | . . . 73 13 . . Regen/Repaired (Parts) 255 | . 118 . . 137 . . Core Remaining (%) 87 | 100 . 74 . . . . Volleys Fired 221 | 8 38 . 99 76 . . Largest 2 | 2 2 . 2 2 . . Hottest 102 | 40 90 . 97 102 . . Shots Fired 428 | 16 76 . 187 147 2 . Gun 328 | 16 45 . 119 146 2 . Cannon 100 | . 31 . 68 1 . . Launcher . | . . . . . . . Special . | . . . . . . . Kinetic 257 | 16 43 . 122 76 . . Thermal 171 | . 33 . 65 71 2 . Explosive . | . . . . . . . Electromagnetic . | . . . . . . . Robot Hit Streak 13 | 5 10 . 13 12 4 . Robot Miss Streak 5 | 1 4 . 2 5 1 . Penetration Max . | . . . . . . . Secondary Targets 3 | . 2 . . 1 . . Max Gunslinging Chain 1 | . 1 . . 1 . . Shots Hit Robots 296 | 10 39 1 118 123 1 4 Core Hits 171 | 3 18 1 49 97 . 3 Critical Kills 2 | . . 1 1 . . . Critical Parts Destroyed 2 | . . . 2 . . . Critical Strikes 11 | . . 1 8 2 . . Burn 3 | . . . 2 1 . . Destroy 3 | . . . 3 . . . Blast 4 | . . . 3 1 . . Smash 1 | . . 1 . . . . Melee Attacks 31 | . 3 1 . 20 2 5 Thermal 3 | . . . . . . 3 Impact 19 | . 3 1 . 15 . . Slashing 9 | . . . . 5 2 2 Piercing . | . . . . . . . Sneak Attacks 2 | . . . . 2 . . Combat Hostiles . | . . . . . . . Follow-up Attacks 1 | . . . . . . 1 Damage Inflicted 5492 | 126 582 36 2463 2073 . 212 Guns 3473 | 126 287 . 1332 1728 . . Cannons 1446 | . 286 . 1131 29 . . Explosions . | . . . . . . . Melee 564 | . . 36 . 316 . 212 Ramming 9 | . 9 . . . . . Kinetic 3107 | 126 277 . 1751 953 . . Thermal 1992 | . 296 . 712 804 . 180 Explosive . | . . . . . . . Electromagnetic . | . . . . . . . Impact 213 | . . 36 . 177 . . Slashing 171 | . . . . 139 . 32 Piercing . | . . . . . . . Highest Corruption 2 | . . . 2 2 2 . Average Corruption 2 | . . . 2 2 2 . Corruption Purged . | . . . . . . . Corruption Blocked . | . . . . . . . Effects 43 | . . . 5 26 12 . Message Errors 11 | . . . 2 6 3 . Matter Fused 8 | . . . . 5 3 . Heat Flow Errors 4 | . . . . 4 . . Energy Discharges 6 | . . . 1 2 3 . Data Loss (minor) 8 | . . . 1 7 . . Misfires 4 | . . . 1 1 2 . Alerts 2 | . . . . 1 1 . Overload Shots . | . . . . . . . Overflow Damage 42 | . . . . 37 . 5 Projectiles . | . . . . . . . Explosions . | . . . . . . . Melee 42 | . . . . 37 . 5 Knockbacks 12 | . . . 12 . . . Impact . | . . . . . . . Kinetic 10 | . . . 10 . . . Secondary 2 | . . . 2 . . . Self-Inflicted Damage . | . . . . . . . Shots . | . . . . . . . Rammed 1 | . 1 . . . . . Targets Rammed 1 | . 1 . . . . . Kicked . | . . . . . . . Crushed . | . . . . . . . Highest Temperature 345 | . 153 . 345 305 28 174 Average Temperature 83 | . 51 . 91 88 17 104 Received Heat Transfer 1074 | . 237 . 390 447 . . Effects 7 | . . . 3 4 . . Energy Bleed 4 | . . . 1 3 . . Interference 3 | . . . 2 1 . . Siege Activations . | . . . . . . . Martial Activations . | . . . . . . . Shielding Activations . | . . . . . . . Robots Disrupted . | . . . . . . . Combat Hostiles . | . . . . . . . Robots Corrupted . | . . . . . . . Combat Hostiles . | . . . . . . . Parts Fried . | . . . . . . . Impact Corruptions . | . . . . . . . Robots Melted . | . . . . . . . Combat Hostiles . | . . . . . . . Parts Melted 3 | . . . 2 1 . . Heat Transferred 3802 | . 617 . 1628 1287 . 270 Parts Sabotaged . | . . . . . . . Parts Stolen 2 | . . . . . . 2 Parts Stripped . | . . . . . . . Power Chain Reactions . | . . . . . . . Alert | -11 -10 -10 -9 -9 -9 -9 ------- Run | Yrd Mat Min Mat Sto Rec Scr Maximum Alert Level 2 | . . . 2 1 . . Low Security (%) 80 | 100 100 100 87 51 100 . Level 1 17 | . . . 6 48 . . Level 2 1 | . . . 5 . . . Level 3 . | . . . . . . . Level 4 . | . . . . . . . Level 5 . | . . . . . . . High Security . | . . . . . . . Max Security . | . . . . . . . Peak Influence 437 | 5 85 64 437 371 142 . Initial 142 | . . . . 46 142 . Average 93 | . 12 15 93 187 13 . Influence Increases 2736 | 10 323 74 948 1335 46 . Destroy 0b10 Robot/C 1480 | . 180 60 540 700 . . Destroy 0b10 Robot/NC 130 | 10 20 . 65 35 . . Destroy Leader 396 | . 42 10 152 192 . . Allied During Kill 109 | . . 4 . 105 . . Successful Hack 95 | . 17 . 42 22 14 . Select Force Hacks 90 | . . . 30 30 30 . Disable Machine 105 | . 15 . 30 60 . . Destroy Structure 31 | . 4 . 14 11 2 . Partial Spotted 30 | . 15 . . 15 . . Lose Combat Pursuer 270 | . 30 . 75 165 . . Influence Decreases 2736 | 10 323 74 837 1079 413 . Entered New Map 290 | . . . . 65 225 . Time Decay 1399 | 10 238 74 434 567 76 . Lost Part 50 | . 10 . 10 30 . . Lost Ally 190 | . . . . 190 . . Purge Threat 807 | . 75 . 393 227 112 . Squads Dispatched 11 | . 3 . 2 6 . . Investigation 4 | . 2 . 1 1 . . Extermination . | . . . . . . . Reinforcement 5 | . 1 . 1 3 . . Assault 2 | . . . . 2 . . Garrison . | . . . . . . . Intercept . | . . . . . . . Searches Triggered . | . . . . . . . Construction Impeded . | . . . . . . . Haulers Reinforced . | . . . . . . . Active Scanning Responses . | . . . . . . . Cargo Convoy Interrupts . | . . . . . . . Stealth | -11 -10 -10 -9 -9 -9 -9 --------- Run | Yrd Mat Min Mat Sto Rec Scr Distress Signals 6 | . 1 . 3 2 . . Communications Jammed . | . . . . . . . Distress Signals . | . . . . . . . Times Spotted 131 | . 25 3 42 49 . 12 Peak Tracking Total 23 | . 4 3 7 9 . 23 Tactical Retreats 15 | . 1 . 5 9 . . Traps | -11 -10 -10 -9 -9 -9 -9 ------- Run | Yrd Mat Min Mat Sto Rec Scr Traps Triggered 3 | . 2 . . 1 . . Indirectly . | . . . . . . . Trap Hack Attempts . | . . . . . . . Triggered . | . . . . . . . Disarmed . | . . . . . . . Reprogrammed . | . . . . . . . Reused . | . . . . . . . Traps Extracted . | . . . . . . . Installed . | . . . . . . . Triggered . | . . . . . . . Most Traps Carried 1 | . . . . . . 1 Machines | -11 -10 -10 -9 -9 -9 -9 ---------- Run | Yrd Mat Min Mat Sto Rec Scr Machines Disabled 9 | . 2 . 2 4 . 1 Max in Single Turn 1 | . 1 . 1 1 . 1 Garrison Access 1 | . . . . 1 . . Machines Repaired . | . . . . . . . Machines Dismantled . | . . . . . . . Machines Sabotaged . | . . . . . . . Overloaded Fab Kills . | . . . . . . . Hacking | -11 -10 -10 -9 -9 -9 -9 --------- Run | Yrd Mat Min Mat Sto Rec Scr Machines Accessed 53 | . 10 . 11 14 13 5 Terminals 32 | . 7 . 9 10 6 . Fabricators . | . . . . . . . Repair Stations 3 | . 1 . . 2 . . Recycling Units 10 | . 2 . 2 1 5 . Scanalyzers . | . . . . . . . Garrison Access 1 | . . . . 1 . . Total Hacks 159 | . 25 . 37 35 39 23 Successful 115 | . 16 . 23 21 32 23 Failed 42 | . 8 . 14 14 6 . Catastrophic 8 | . 1 . 4 2 1 . Database Lockouts 2 | . 1 . . . 1 . Manual 72 | . 17 . 26 17 12 . Terminals 90 | . 20 . 31 26 13 . Fabricators . | . . . . . . . Repair Stations 6 | . 2 . . 4 . . Recycling Units 21 | . 3 . 6 3 9 . Scanalyzers . | . . . . . . . Garrison Access 2 | . . . . 2 . . Terminal Hacks 75 | . 10 . 12 9 21 23 Record 39 | . . . . . 17 22 Part Schematic 1 | . . . . . 1 . Robot Analysis 6 | . 2 . 4 . . . Prototype ID Bank 6 | . 5 . 1 . . . Open Door 3 | . . . . 3 . . Branch Access Points 2 | . 1 . 1 . . . Terminal Index 1 | . . . 1 . . . Unreport Threat 8 | . 1 . 3 2 2 . Locate Traps 2 | . 1 . 1 . . . Security Status 1 | . . . . 1 . . Recall Investigation 1 | . . . . 1 . . Recall Reinforcements 1 | . . . . 1 . . Hauler Manifests 2 | . . . 1 . 1 . Registered Components 1 | . . . . 1 . . Proto ID Catalog 1 | . . . . . . 1 Fabricator Hacks . | . . . . . . . Repair Station Hacks 5 | . 2 . . 3 . . Scan Component 3 | . 1 . . 2 . . Repair 2 | . 1 . . 1 . . Recycling Unit Hacks 8 | . 2 . 1 1 4 . Report Inventory 8 | . 2 . 1 1 4 . Scanalyzer . | . . . . . . . Garrison Access Hacks 1 | . . . . 1 . . Seal Access 1 | . . . . 1 . . Unauthorized Hacks 23 | . 2 . 7 7 7 . Terminals 15 | . 2 . 5 5 3 . Track 1 | . . . 1 . . . Botnet 14 | . 2 . 4 5 3 . Fabricators . | . . . . . . . Repair Stations . | . . . . . . . Recycling Units 8 | . . . 2 2 4 . Reject 5 | . . . 1 1 3 . Tunnel 3 | . . . 1 1 1 . Scanalyzers . | . . . . . . . Garrison Access . | . . . . . . . Data Cores Recovered 1 | . . . 1 . . . Used 1 | . . . 1 . . . Hacking Detections 37 | . 7 . 9 12 9 . Full Trace Events . | . . . . . . . Feedback Events . | . . . . . . . Feedback Blocked . | . . . . . . . Robot Schematics Acquired . | . . . . . . . Robots Built . | . . . . . . . Authchips . | . . . . . . . Time . | . . . . . . . Total Robot Build Rating . | . . . . . . . Part Schematics Acquired 1 | . . . . . 1 . Parts Built . | . . . . . . . Authchips . | . . . . . . . Time . | . . . . . . . Total Part Build Rating . | . . . . . . . Parts Repaired 2 | . 1 . . 1 . . Time 58 | . 26 . . 32 . . Parts Recycled . | . . . . . . . Recycled Matter . | . . . . . . . Retrieved Matter . | . . . . . . . Retrieved Components . | . . . . . . . Parts Scanalyzed . | . . . . . . . Part Schematics Acquired . | . . . . . . . Parts Damaged . | . . . . . . . Bothacking | -11 -10 -10 -9 -9 -9 -9 ------------ Run | Yrd Mat Min Mat Sto Rec Scr Used RIF Installer . | . . . . . . . Robots Hacked . | . . . . . . . Non-combat . | . . . . . . . Combat . | . . . . . . . Robot Hacks Applied . | . . . . . . . Relay Couplers Released . | . . . . . . . Fabnet Peak Effective % . | . . . . . . . Robots Rewired . | . . . . . . . Allies Hacked . | . . . . . . . Hacks Repelled . | . . . . . . . Allies | -11 -10 -10 -9 -9 -9 -9 -------- Run | Yrd Mat Min Mat Sto Rec Scr Total Allies 13 | . . 1 . 12 . . Largest Group 10 | . . 1 . 10 . . Highest-Rated Group 88 | . . 31 . 88 . . Highest-Rated Ally 31 | . . 31 . 31 . . Total Orders 3 | . . . . 3 . . EXPLORE 2 | . . . . 2 . . RETURN 1 | . . . . 1 . . Ally Attacks 108 | . . 6 . 102 . . Total Damage 923 | . . 62 . 861 . . Kills 12 | . . 2 . 10 . . Allies Corrupted . | . . . . . . . Allies Melted . | . . . . . . . Intel | -11 -10 -10 -9 -9 -9 -9 ------- Run | Yrd Mat Min Mat Sto Rec Scr Active Infowar (turns) 6545 | 22 1452 315 667 568 850 2671 Sensors 4755 | . . . 666 568 850 2671 Seismic 1791 | 22 1452 315 2 . . . Robot Analysis Total 5 | . 2 . 3 . . . Derelict Logs Recovered . | . . . . . . . Drone Launches 3 | . . . . 3 . . Drone Recoveries 1 | . . . . 1 . . Exploration | -11 -10 -10 -9 -9 -9 -9 ------------- Run | Yrd Mat Min Mat Sto Rec Scr Turns Passed 10153 | 146 1524 315 2151 2454 884 2679 Spaces Moved 5399 | 71 825 194 959 1158 542 1650 Core 5 | 5 . . . . . . Treads 5394 | 66 825 194 959 1158 542 1650 Legs . | . . . . . . . Wheels . | . . . . . . . Hover . | . . . . . . . Flight . | . . . . . . . Fastest Speed 50 | 50 160 160 160 160 160 160 Average Speed 163 | 152 160 160 175 163 160 160 Slowest Speed 240 | 160 240 160 240 240 160 160 Overloaded Moves . | . . . . . . . Propulsion Burnouts . | . . . . . . . Robots Hopped . | . . . . . . . Potential Cave-ins . | . . . . . . . Cave-ins Triggered . | . . . . . . . Exploration Rate (%) 71 | 5 96 39 76 93 96 93 Regions Visited 6 Branch Regions 4 Pre-discovered Areas 3 | . . . 1 1 1 . Known Exits Taken 4 | . 1 . 1 1 1 . Unknown Exits Taken 2 | 1 . 1 . . . . Scrap Searched 7 | . . . . . . 7 Spaces Dug 8 | . . . . 6 2 . Terrain Destroyed 18 | . . . 10 6 2 . Melee 8 | . . . . 6 2 . Projectile 10 | . . . 10 . . . AOE . | . . . . . . . Terrain Rammed . | . . . . . . . Walls Destroyed . | . . . . . . . Machines Disabled . | . . . . . . . Actions | -11 -10 -10 -9 -9 -9 -9 --------- Run | Yrd Mat Min Mat Sto Rec Scr Total 6271 | 90 946 197 1251 1542 556 1689 Wait 377 | . 43 . 113 211 10 . Move 5393 | 70 824 193 958 1157 541 1650 Hop . | . . . . . . . Pick Up 76 | 5 16 1 25 18 1 10 Fast Attach 20 | 7 1 . 3 6 . 3 Attach 18 | . 2 1 7 4 . 4 Detach . | . . . . . . . Swap 54 | . 6 . 21 25 1 1 Drop 79 | . 12 1 25 25 1 15 Fire 221 | 8 38 . 99 76 . . Melee 30 | . 3 1 . 20 2 4 Ram . | . . . . . . . Kick . | . . . . . . . Crush 1 | . 1 . . . . . Escape Stasis . | . . . . . . . Rewire 2 | . . . . . . 2 Trap . | . . . . . . . Miscellaneous . | . . . . . . . Route ------- -11/Scrapyard -10/Materials (discovered 5 exits: *Mat x3 / *Min x2) -10/Mines -9/Materials (discovered 7 exits: *Mat x3 / Min x2 / *Sto x2) -9/Storage (discovered 2 exits: *Mat / *Rec) -9/Recycling (discovered 2 exits: [*Fac] / *Scr) -9/Scraptown (discovered 2 exits: *Fac x2) History --------- Turn | Location | Event 13 | -11/Scrapyard | Discovered new exit (range 16) 147 | -11/Scrapyard | Entered Materials 148 | -10/Materials | Met a group of wandering Federalists 282 | -10/Materials | Discovered new exit (range 11) 300 | -10/Materials | Build established: Mutant 351 | -10/Materials | Discovered new exit (range 11) 423 | -10/Materials | Discovered new exit (range 16) 477 | -10/Materials | Identified exit to Mines 779 | -10/Materials | Discovered new exit (range 16) 962 | -10/Materials | Repaired Lgt. Treads 1404 | -10/Materials | Build established: Scavenger-Mutant 1553 | -10/Materials | Central database locked down 1671 | -10/Materials | Entered Mines 1674 | -10/Mines | Received a Mining Laser from a helpful Derelict 1679 | -10/Mines | Met a Derelict bent on vengeance 1976 | -10/Mines | Discovered new exit (range 5) 1986 | -10/Mines | Entered Materials 1986 | -9/Materials | Evolved 2 slots: Utility x2 2096 | -9/Materials | Identified exit to Mines 2096 | -9/Materials | Identified exit to Storage 2131 | -9/Materials | Build established: Mutant 2795 | -9/Materials | Discovered new exit (range 5) 2803 | -9/Materials | Identified exit to Materials 3129 | -9/Materials | Discovered exit to Materials (range 11) 3491 | -9/Materials | Discovered exit to Materials (range 6) 4137 | -9/Materials | Entered Storage 4631 | -9/Storage | Core integrity fell below 50% 4803 | -9/Storage | Discovered exit to Materials (range 10) 4938 | -9/Storage | Met a pair of Derelict thieves 5054 | -9/Storage | Destroyed 8 combat bots 5113 | -9/Storage | Repaired Imp. Treads 5306 | -9/Storage | Assisted by bots powering up and referring to "LRC-V3" 5617 | -9/Storage | Build established: Commander-Mutant 5666 | -9/Storage | Lost 3 allies 5978 | -9/Storage | Build established: Mutant 6547 | -9/Storage | Used back door to open Recycling access 6547 | -9/Storage | Discovered new exit (range 5) 6590 | -9/Storage | Identified exit to Recycling 6591 | -9/Storage | Entered Recycling 6926 | -9/Recycling | Discovered new exit (range 16) 7430 | -9/Recycling | Scanned before Scraplab entrance 7454 | -9/Recycling | Entered Scraplab 7470 | -9/Recycling | Discovered new exit (range 3) 7472 | -9/Recycling | Identified exit to Scraptown 7475 | -9/Recycling | Entered Scraptown 7475 | -9/Scraptown | System corruption cleaned by C-Scrubber 7525 | -9/Scraptown | Heard Great Nut preacher, LISTEN AND RECITE! 7795 | -9/Scraptown | Discovered new exit (range 5) 7800 | -9/Scraptown | Identified exit to Factory 7986 | -9/Scraptown | Visited Shadow of the Wyrm 8043 | -9/Scraptown | Visited IN-MT5's Study 8323 | -9/Scraptown | Visited Comm Corps 8405 | -9/Scraptown | Visited Assassins FH 8481 | -9/Scraptown | Visited TADAMA 8529 | -9/Scraptown | Visited Bundlers 8646 | -9/Scraptown | Visited CPS Storage 8878 | -9/Scraptown | Visited UFD Registry 8878 | -9/Scraptown | Registered with UFD as "Railblaster" 8961 | -9/Scraptown | Visited Junk Repository 9011 | -9/Scraptown | Visited Science Testing Area 9036 | -9/Scraptown | Visited Research Penetration Think Tank 9108 | -9/Scraptown | Discovered exit to Factory (range 5) 9168 | -9/Scraptown | Found Scrap Suit 9259 | -9/Scraptown | Visited Science Guys 9401 | -9/Scraptown | Visited Derelict Rescue Squad 9412 | -9/Scraptown | Found DRS Beacon 9443 | -9/Scraptown | Visited Curators Association 9696 | -9/Scraptown | Visited Scrapoid Research Area 9748 | -9/Scraptown | Visited LU-1G1's Boring Crew 9821 | -9/Scraptown | Visited Junk Repository 10051 | -9/Scraptown | Met Optimus 10051 | -9/Scraptown | Accepted into 0bPrime 10133 | -9/Scraptown | Attacked by Scraptown defenders 10139 | -9/Scraptown | Found Thermal Lance 10143 | -9/Scraptown | Core integrity fell below 20% 10154 | -9/Scraptown | Destroyed by UB-GX9(h) with Hypervelocity Gauss Rifle Last Messages --------------- 10148_ Penetrated by HV Slug. 10148_ Critical hit (Destroy). 10148_ HV Slug penetrates Machine. 10148_ Penetrated by HV Slug. 10148_ Critical hit (Destroy). 10149_ Bolt penetrates Wall. 10149_ WC-RBJ(r) follow-up attacks with Ripteeth. 10150_ Penetrated by Slug. 10150_ Reflective Plating destroyed. 10150_ Destroyed Wheel. 10151_ Bolt penetrates Wall. 10151_ HV Slug penetrates Machine. 10151_ Penetrated by HV Slug. 10152_ Penetrated by Slug. 10153_ Imp. Treads ripped off. 10154_ Bolt penetrates Wall. 10154_ Discarded Signal Interpreter. 10154_ Penetrated by Slug. 10154_ Penetrated by HV Slug. Map ----- +----------------------------------------------------+ | ?????????????????????????????????????????????????? | | ?????????????????????????????????????????????????? | | ?????????????????????????????????????????????????? | | ?????????????????????????????????????????????????? | | ?????????????????????????????????????????????????? | | ?????????????????????????????????????????????????? | | ?????????????????????????????????????????????????? | | ?????????????????????????????????????????????????? | | ?????????????????????????????????????????????????? | | ?????????????????????????????????????????????????? | | ??????????????????????????#####??????????????????? | | ??????????????????????????#"""#??????????????????? | | ##############???####?????#" "#??????????????????? | | """##""|##"""#??## ##????# < #??????????????????? | | ""!##""|##! "#### ###### ##???? ????????????? | | #??? ?????????????? | | *! #?# ??????????????? | | ################# ############ #??????????????? | | ????????????????## ##?????????# #???????????????? | | ?????????????????# ###########;#????????????????? | | ?????????????????# #""""""""" "#????????????????? | | ?????????????????# #" " X "" ""#????????????????? | | ######???????????# #" """#????????????????? | | #??########## #" / "#????????????????? | | #??#""""""""# #""[%! """#????????????????? | | #??#""""" ""# #"" r@ """#????????????????? | | #??#"" "# # [ /%* ""#????????????????? | | #??#"" "# #&"3 "" ""#????????????????? | | #??#"" # #&" "" ""#????????????????? | | ???#"" "# #" #????????????????? | | ?????#" # # "#????????????????? | | #??????#### ##### ##h##########????????????????? | | ########### ##### ##h##???##???????????????????? | | """"""""""" """"" ""h"#??? ######??????????????? | | j "#?? #??????????????? | | hE "#?? ###?????????????? | | "#?" #?????????????? | | "##" ##???????????????? | | " #??????????????? | | """""""""""""""""" "##" #?????????????? | | """""""""""""""""" "#?" ###?????????????? | | ################"" "#?? # ###???????????????? | | ##????????#"" "##############???????????? | | X"#????????#"" "## """"""""#???????????? | | "" ##????????#"" "## " " " "#???????????? | | "" X"#??????###"" "## "#???????????? | | " ######### #"" "## &"#???????????? | | ! &"#???????????? | | "## ""#???????????? | | " ######### #"" "## " " " "#???????????? | +----------------------------------------------------+ Best States ------------- Heat Dissipation 42 Energy Generation 14 Energy Capacity 280 Matter Stores 300 Matter Capacity 300 Sight Range 16 Robot Scan Range 14 Terrain Scan Density 10 Armor Coverage 375 Resistance: TH 10 Propulsion Shielding 33 Evasion (%) 40 Recoil Reduction 2 Authchip Count 1 Item Schematics ----------------- Imp. Treads | -9/Recycling | Hacked Robot Schematics ------------------ None Fabricated ------------ Nothing Repaired ---------- Lgt. Treads | 15% | -10/Materials Imp. Treads | 11% | -9/Storage Alien Tech Used ----------------- None Achievements -------------- Ambidextrous Challenges ------------ None Game ------ Seed ExoskeletonMultireflexBrace Manual? 0 Play Time 01:16:16 Cumulative 67.1 hours Start 2025.10.18 @ 20:16:00 End 2025.10.18 @ 22:30:50 Sessions 3 Manual Loads 0 Difficulty Rogue Special Mode None Game No. 40 Rogue 33 Adventurer 7 Explorer 0 Win Type - Total 2 Types 1/0/0/0/0/0/0/1/0/0 Lore% 38 Gallery% 43 Achievement% 41 Wizard Run 0 Options --------- Layout 1 ASCII 0 Keyboard 0 Movement Mouse Keybinds 0 Fullscreen 2 Font 36/CogNarrow++ Map View 50x40 Zoom Use 0% Tactical HUD 1 Map Filters NONE Filters NONE Steam 0 RUN: 30a83098-84a2-4e64-9928-2d64c3b92b95